 Dungeon Crawl Stone Soup version 0.31.0-9-g3a7656b989 (webtiles) character file.

Game seed: 13769145662925822472

56 qw the Shooter (level 3, -8/18 HPs)
             Began as a Spriggan Hunter on Feb 2, 2024.
             Killed by divine providence
             ... invoked by an orc priest
              (10 damage)
             ... on level 2 of the Dungeon.
             The game lasted 00:00:03 (987 turns).

qw the Shooter (Spriggan Hunter)                     Turns: 987, Time: 00:00:04

Health: -8/18      AC:  2    Str:  7    XL:     3   Next: 69%
Magic:  4/4        EV: 19    Int: 10    God:
Gold:   36         SH:  0    Dex: 20    Spells: 2/2 levels left

rFire   . . .        a - +0 shortbow
rCold   . . .        (shield currently unavailable)
rNeg    . . .        c - +0 robe
rPois   .            (helmet restricted)
rElec   .            (no cloak)
rCorr   .            (gloves unavailable)
SInv    +            (boots unavailable)
Will    .....        (no amulet)
Stlth   ++           (no ring)
HPRegen 0.23/turn    (no ring)
MPRegen 0.09/turn

%: no passive effects
@: very quick
A: very small, no large weapons, unfitting armour, see invisible, speed 3
a: no special abilities


You were on level 2 of the Dungeon.
You visited 1 branch of the dungeon, and saw 2 of its levels.

You collected 36 gold pieces.


Innate Abilities, Weirdness & Mutations

You are very small and have problems with some larger weapons.
You are too small for most types of armour.
You have supernaturally acute eyesight. (SInv)
You cover ground extremely quickly. (Speed+++)


   Skills:
 - Level 1.5 Fighting
 + Level 4.7 Ranged Weapons
 - Level 4.4 Dodging
 - Level 1.5 Stealth


You had 2 spell levels left.
You didn't know any spells.
Your spell library was empty.

Inventory:

Hand Weapons
 a - a +0 shortbow (weapon)
Armour
 c - a +0 robe (worn)
Scrolls
 b - a scroll of enchant armour {unknown}
 d - a scroll of identify {unknown}
Potions
 e - a potion of might {unknown}
 f - a potion of enlightenment {unknown}
 h - a potion of haste {unknown}

Dungeon Overview and Level Annotations

Branches:
Dungeon (2/15)

Altars:

Shops:
D:1 [


Message History

The arrow hits the orc wizard but does no damage.
The orc wizard shouts!
You hear a shout!
An orc comes into view. It is wielding a +0 dagger.
You shoot an arrow.
The arrow completely misses the dart slug.
The orc shouts!
An orc priest comes into view. It is wielding a +0 short sword.
The dart slug launches a dart at you. The slug dart hits you.
970 ||| FLEEEEING.
971 ||| FLEEEEING.
You start resting.
There are monsters nearby!
973 ||| FLEEEEING.
974 ||| FLEEEEING.
975 ||| FLEEEEING.
You start resting.
An orc priest is nearby!
977 ||| FLEEEEING.
You start resting.
An orc priest is nearby!
981 ||| FLEEEEING.
You start resting.
There are monsters nearby!
You shoot an arrow. The arrow hits the orc!
You kill the orc!
You shoot an arrow. The arrow hits the orc priest.
The orc priest is lightly wounded.
The orc priest looks encouraged for a moment.
You shoot an arrow. The arrow barely misses the orc priest.
The orc priest invokes the aid of Beogh against you.
Beogh smites you!
Ouch! That really hurt!
You shoot an arrow.
The arrow hits the orc wizard but does no damage.
The orc priest mumbles some strange prayers to Beogh against you.
Beogh smites you!
Ouch! That really hurt!
You die...

....... ####...##.#
...... #.....##.#
....####.##.###.#
#..#...##.# #.###
.#####...)####.# #...#
..%......%.....#####.#
## #.##.......#....###.#
...#.#.....)oo##.#..##.#
##.........##.@..##.##.#
#.....>.o.###.#..##....#
......)...# #.##.#######
..........# #.##.##
......(...# #.##..#
.####o##.## #..##.# ...
... ##.##.## ###. .o..
#..<..# o..... ####....#


You could see an orc priest and an orc wizard.

Vanquished Creatures
  A gnoll (D:1)
  An adder (D:2)
  2 dart slugs (D:1)
  An orc (D:2)
  2 ball pythons
  3 endoplasms
  A giant cockroach (D:1)
  2 goblins (D:1)
  3 hobgoblins (D:1)
  3 jackals (D:1)
  2 quokkas
  2 bats (D:1)
  A frilled lizard (D:1)
  A kobold (D:1)
  5 rats (D:1)
30 creatures vanquished.

Notes
Turn   | Place    | Note
-------+----------+-------------------------------------------
     0 | D:1      | qw the Spriggan Hunter began the quest for the Orb.
     0 | D:1      | Reached XP level 1. HP: 10/10 MP: 2/2
     0 | D:1      | 0 ||| qw: Version: 0.3-a-155-g5e7d8dd
     0 | D:1      | 0 ||| qw: Game counter: 754
     0 | D:1      | 0 ||| qw: Melee chars always use a shield: true
     0 | D:1      | 0 ||| qw: God list: Okawaru
     0 | D:1      | 0 ||| qw: Allow faded altars: false
     0 | D:1      | 0 ||| qw: Do Orc after clearing Dungeon:15 true
     0 | D:1      | 0 ||| qw: Do second Lair branch before Depths: true
     0 | D:1      | 0 ||| qw: Lair rune preference: random
     0 | D:1      | 0 ||| qw: Goals: Normal
     0 | D:1      | 0 ||| PLANNING D:1-11
    36 | D:1      | Reached skill level 3 in Dodging
   190 | D:1      | Reached XP level 2. HP: 14/14 MP: 3/3
   392 | D:1      | Reached XP level 3. HP: 18/18 MP: 4/4
   397 | D:1      | Found Hita's Antique Armour Shop.
   407 | D:1      | 407 ||| SHOPLISTING glowing cloak (150 gold, have 0).
   794 | D:1      | 794 ||| READING scroll labelled ISKEATW ATHRUSAI.
   795 | D:1      | 795 ||| READING scroll labelled QUGESIPYCA.
   796 | D:1      | 796 ||| DROPPING scroll of butterflies.
   798 | D:1      | 798 ||| Stepping ~*~*~tactically~*~*~ (cloud).
   803 | D:1      | HP: 4/18 [poisoned by you (poison gas)]
   970 | D:2      | 970 ||| FLEEEEING.
   971 | D:2      | 971 ||| FLEEEEING.
   973 | D:2      | 973 ||| FLEEEEING.
   974 | D:2      | 974 ||| FLEEEEING.
   975 | D:2      | 975 ||| FLEEEEING.
   977 | D:2      | 977 ||| FLEEEEING.
   981 | D:2      | 981 ||| FLEEEEING.
   986 | D:2      | HP: 2/18 [orc priest/divine providence (14)]
   987 | D:2      | Killed from afar by an orc priest

Levels and vault maps discovered:
D:1:      minmay_arrival_hallway, layout_basic, serial_shops,
          nicolae_shop_crystal
D:2:      layout_rooms, serial_shops, nicolae_shop_industrial_runoff,
          minmay_3d_cube

Skill      XL: |  1  2 |
---------------+-------+-----
Dodging        | 3 4 |  4.4
Fighting       | |  1.5
Ranged Weapons | |  4.7
Stealth        | |  1.5

Action                     || total
---------------------------++-------
   Fire: Shortbow          ||    82
    Use: Scroll            ||     2
 Armour: Robe              ||     7
  Dodge: Dodged            ||    24

Table legend:
 A = Non-vault XP
 B = Vault XP
 C = Vault XP percentage of total XP
 D = Non-vault monster count
 E = Vault monster count
 F = Vault count percentage of total count
                 A         B        C        D         E       F
            +---------+---------+-------+---------+---------+-------
      Total |      80 |       0 |   0.0 |      30 |       0 |   0.0
            +---------+---------+-------+---------+---------+-------
        D:1 |      56 |       0 |   0.0 |      24 |       0 |   0.0
        D:2 |      24 |       0 |   0.0 |       6 |       0 |   0.0
            +---------+---------+-------+---------+---------+-------
